 Dungeon Crawl Stone Soup version 0.19.1 (webtiles) character file.

97 Haldmier the Slasher (level 4, -1/29 HPs)
             Began as a High Elf Warper on Dec 11, 2016.
             Slain by a gnoll (5 damage)
             ... on level 3 of the Dungeon.
             The game lasted 00:07:01 (2709 turns).

Haldmier the Slasher (High Elf Warper)              Turns: 2709, Time: 00:07:02

Health: -1/29      AC:  4    Str: 11    XL:     4   Next: 42%
Magic:  5/8        EV: 12    Int: 17    God:
Gold:   61         SH:  0    Dex: 14    Spells: 2 memorised, 3 levels left

rFire  . . .     SeeInvis .     a - +0 falchion
rCold  . . .     Gourm    .     l - +0 leather armour
rNeg   . . .     Faith    .     (no shield)
rPois  .         Spirit   .     m - +0 helmet
rElec  .         Reflect  .     (no cloak)
rCorr  .         Harm     .     (no gloves)
MR     .....                    (no boots)
Stlth  +.........               (no amulet)
                                (no ring)
                                (no ring)

@: shrouded, very slightly contaminated
A: no striking features
a: no special abilities


You were on level 3 of the Dungeon.
You were hungry.

You visited 1 branch of the dungeon, and saw 3 of its levels.

You collected 61 gold pieces.

Inventory:

Hand Weapons
 a - a +0 falchion (weapon)
 b - a +0 hunting sling
 u - a +3 spear
Missiles
 e - 5 tomahawks of dispersal (quivered)
 k - 139 stones
 q - 26 sling bullets
 x - a throwing net
Armour
 l - a +0 leather armour (worn)
 m - a +0 helmet (worn)
Jewellery
 p - an uncursed amulet of magic regeneration {unknown}
Scrolls
 d - a scroll of blinking
 g - 2 scrolls of teleportation {unknown}
 h - 2 scrolls of enchant armour {unknown}
 n - a scroll of remove curse {unknown}
 t - 3 scrolls of identify {unknown}
Potions
 o - a potion of magic {unknown}
 s - a potion of heal wounds {unknown}
 v - 2 potions of invisibility {unknown}
 z - 2 potions of curing {unknown}
Books
 c - a book of Spatial Translocations

   Spells                             Type                      Level
   a - Blink                          Translocation                2
   b - Shroud of Golubria             Charms/Translocation         2
   c - Lesser Beckoning               Translocation                3
   d - Portal Projectile              Translocation                3
   e - Teleport Other                 Translocation                3
   f - Passage of Golubria            Translocation                4
Comestibles
 f - a bread ration
 i - a slice of pizza
 j - 3 meat rations
 r - 3 chunks of flesh
 w - a beef jerky


   Skills:
 - Level 2.0 Fighting
 * Level 5.2 Long Blades
 - Level 1.0 Throwing
 - Level 0.8 Armour
 - Level 2.1 Dodging
 - Level 2.4 Spellcasting
 + Level 3.8 Translocations


You had 3 spell levels left.
You knew the following spells:

 Your Spells              Type           Power        Failure   Level  Hunger
a - Shroud of Golubria    Chrm/Tloc      #.........   17%         2    ##.....
b - Blink                 Tloc           N/A          10%         2    ##.....


Dungeon Overview and Level Annotations

Branches:
Dungeon (3/15)

Altars:
Dithmenos


Message History

The gnoll hits you.
You take 4 damage, and have 14/29 hp.
You closely miss the gnoll.
The gnoll is severely wounded.
The gnoll hits you.
You take 5 damage, and have 9/29 hp.
Casting: Shroud of Golubria
Confirm with . or Enter, or press ? or * to list all spells.
Space distorts slightly along a thin shroud covering your body.
The gnoll hits you.
* * * LOW HITPOINT WARNING * * *
You take 5 damage, and have 4/29 hp.
You now have 4/8 mp.
You hit the gnoll.
The gnoll is severely wounded.
The gnoll closely misses you.
You riposte.
You closely miss the gnoll.
The gnoll is severely wounded.
You barely miss the gnoll.
The gnoll is severely wounded.
The gnoll hits you.
You die...

##g## #.##.##.#
#.g# #....##.#
#..# #.......#
#..# #...#####
#..# #...# ##.##
#...# #..# #...#
######..######...#
#......))(.g@....#
#.#####.######.#.#
#.# #.#.#
#.######.#.#
#.>........#
########.### #.#
#.# #.#


You could see a gnoll.

Vanquished Creatures
  A gnoll (D:3)
  An adder (D:2)
  A worm (D:2)
  2 dart slugs
  4 leopard geckos
  An orc (D:3)
  2 ball pythons (D:3)
  6 bats
  3 giant cockroaches
  9 goblins
  9 hobgoblins
  3 jackals (D:1)
  11 kobolds
  A quokka (D:3)
  2 frilled lizards
  3 rats (D:1)
59 creatures vanquished.

Notes
Turn   | Place    | Note
-------+----------+-------------------------------------------
     0 | D:1      | Haldmier the High Elf Warper began the quest for the Orb.
     0 | D:1      | Reached XP level 1. HP: 14/14 MP: 4/4
   176 | D:1      | Reached skill level 3 in Long Blades
   235 | D:1      | Reached XP level 2. HP: 18/19 MP: 6/6
   619 | D:1      | Reached skill level 4 in Long Blades
   981 | D:1      | Learned a level 2 spell: Blink
   984 | D:1      | Learned a level 2 spell: Shroud of Golubria
  1031 | D:1      | Reached XP level 3. HP: 24/24 MP: 7/7
  1345 | D:2      | Found a shadowy altar of Dithmenos.
  1901 | D:2      | Reached skill level 5 in Long Blades
  1972 | D:2      | Reached XP level 4. HP: 28/29 MP: 8/8
  2709 | D:3      | Slain by a gnoll

Skill      XL: |  1  2  3 |
---------------+----------+-----
Long Blades    | 3 4 5 |  5.2
Fighting       | |  2.0
Throwing       | |  1.0
Armour         | |  0.8
Dodging        | |  2.1
Spellcasting   | |  2.4
Translocations | |  3.8

Action                   |  1- 3 |  4- 6 || total
-------------------------+-------+-------++-------
Melee: Falchion          |   167 |    66 ||   233
 Fire: Hunting sling     |       |     2 ||     2
 Cast: Shroud of Golubri |     7 |     2 ||     9
 Stab: Sleeping          |     2 |       ||     2
  Eat: Chunk             |     4 |     2 ||     6
Armor: Leather armour    |    36 |    11 ||    47
Dodge: Dodged            |   111 |    42 ||   153
       Rpst.: Falchion   |    30 |    16 ||    46
